 Dungeon Crawl Stone Soup version 0.20.1-1-g8b1a95d (webtiles) character file.

431 Thjof the Bolt Thrower (level 7, -2/54 HPs)
             Began as a Human Wanderer on Nov 6, 2017.
             Slain by a gnoll
             ... wielding a +0 spear
              (4 damage)
             ... on level 3 of the Dungeon.
             The game lasted 00:24:34 (1983 turns).

Thjof the Bolt Thrower (Human Wanderer)             Turns: 1983, Time: 00:24:35

Health: -2/54      AC: 10    Str: 13    XL:     7   Next: 19%
Magic:  7/7        EV: 11    Int: 13    God:
Gold:   164        SH:  0    Dex: 13    Spells: 6/6 levels left

rFire    . . .     SeeInvis .   a - +2 hand crossbow
rCold    . . .     Gourm    .   (no shield)
rNeg     . . .     Faith    .   d - +0 ring mail
rPois    .         Spirit   .   m - +1 helmet
rElec    .         Reflect  .   z - +0 cloak
rCorr    .         Harm     .   A - +0 pair of gloves
MR       .....                  (no boots)
Stlth    +.........             (no amulet)
Regen    0.2/turn               G - +1 ring of evasion
MPRegen  0.1/turn               (no ring)

@: hasted, very quick
A: no striking features
a: no special abilities


You were on level 3 of the Dungeon.
You were not hungry.

You visited 1 branch of the dungeon, and saw 3 of its levels.

You collected 164 gold pieces.

Inventory:

Hand Weapons
 a - a +2 hand crossbow (weapon)
 b - a +0 hand axe
 t - a +0 giant club
 w - a +0 club
 B - a cursed -3 club
 I - a +0 club
 J - a +0 club
 K - a +0 dagger
 M - a +0 short sword
 O - a +0 club
 P - a +0 dagger
 T - a +0 dagger
 U - a +0 mace
Missiles
 e - 101 stones
 j - 64 arrows
 o - a throwing net
 r - 15 poisoned needles
 u - 64 sling bullets
 x - 12 bolts (quivered)
 y - 8 needles of confusion
 E - 4 tomahawks
Armour
 d - a +0 ring mail (worn)
 m - a +1 helmet (worn)
 z - a +0 cloak (worn)
 A - a +0 pair of gloves (worn)
 L - a +0 scale mail
 N - a +0 leather armour
 R - a +0 leather armour
 V - a +0 ring mail
Jewellery
 G - a +1 ring of evasion (left hand)
Scrolls
 c - a scroll of teleportation
 h - a scroll of identify
 k - a scroll of amnesia {unknown}
 l - a scroll of recharging {unknown}
 q - 2 scrolls of remove curse
 C - 2 scrolls of blinking {unknown}
 F - a scroll of immolation {unknown}
 Q - a scroll of enchant armour {unknown}
Potions
 i - 2 potions of curing
 p - a potion of lignification {unknown}
 D - a potion of might {unknown}
 H - a potion of agility {unknown}
 W - a potion of heal wounds {unknown}
Books
 S - a book of Necromancy

   Spells                             Type                      Level
   a - Pain                           Necromancy                   1
   b - Animate Skeleton               Necromancy                   1
   c - Vampiric Draining              Necromancy                   3
   d - Regeneration                   Charms/Necromancy            3
   e - Animate Dead                   Necromancy                   4
   f - Control Undead                 Necromancy                   4
Comestibles
 f - 5 bread rations
 g - 2 meat rations
 s - 11 chunks of flesh
 v - 6 fruits


   Skills:
 + Level 4.2 Fighting
 + Level 1.6 Axes
 + Level 5.4 Crossbows
 + Level 1.1 Throwing
 + Level 3.8 Armour
 + Level 0.4 Dodging
 + Level 0.2 Stealth
   Level 1.0 Evocations


You had 6 spell levels left.
You didn't know any spells.

Dungeon Overview and Level Annotations

Branches:
Dungeon (3/15)

Altars:
Elyvilon


Message History

The gnoll hits you but does no damage. x2
Firing (i - inventory. (,) - cycle):
x - 15 bolts (quivered)
Press: ? - help, Shift-Dir - straight line, f/p - gnoll
Aim: a gnoll, wielding a whip (severely wounded)
You shoot a bolt. The bolt hits the gnoll.
The gnoll is almost dead.
The gnoll barely misses you. The gnoll closely misses you.
Firing (i - inventory. (,) - cycle):
x - 14 bolts (quivered)
Press: ? - help, Shift-Dir - straight line, f/p - gnoll
Aim: a gnoll, wielding a whip (almost dead)
You shoot a bolt. The bolt hits the gnoll!
You kill the gnoll!
The gnoll hits you from afar with a spear.
* * * LOW HITPOINT WARNING * * *
Firing (i - inventory. (,) - cycle):
x - 13 bolts (quivered)
Press: ? - help, Shift-Dir - straight line, f - gnoll
Aim: a gnoll, wielding a spear You shoot a bolt.
The bolt closely misses the gnoll.
The gnoll hits you from afar with a spear.
You die...

### #### #.) ..(..
#.###...#.. ###
#..)g......
########.####.@####.###
#..............#
#.####.........# #.#
##...####.# # #.# ##..#
#.# #### #.# ##.# #.#
#....... #.# #.# #.# ..
#..##### #.# #.# #.#
... #....... #.# #.#
#.# ##.####..# #..


You could see a gnoll.

Vanquished Creatures
  Sigmund (D:2)
  An ogre (D:3)
  An orc priest (D:3)
  3 gnolls (D:3)
  6 adders
  3 worms (D:2)
  2 dart slugs
  2 leopard geckos
  8 orcs (D:3)
  2 ball pythons
  A giant cockroach (D:3)
  3 goblins
  6 hobgoblins
  6 jackals
  A quokka (D:2)
  5 bats
  4 kobolds
  8 rats
63 creatures vanquished.

Vanquished Creatures (others)
  A giant cockroach (D:2)
  A quokka (D:2)
2 creatures vanquished.

Grand Total: 65 creatures vanquished

Notes
Turn   | Place    | Note
-------+----------+-------------------------------------------
     0 | D:1      | Thjof the Human Wanderer began the quest for the Orb.
     0 | D:1      | Thjof set off with: a +2 hand crossbow, 27 bolts, a scroll of teleportation, a +0 ring mail, a bread ration
     0 | D:1      | Reached XP level 1. HP: 18/18 MP: 1/1
   780 | D:2      | Reached XP level 2. HP: 24/24 MP: 2/2
   867 | D:2      | Reached XP level 3. HP: 29/29 MP: 3/3
   885 | D:2      | Reached skill level 2 in Crossbows
   967 | D:2      | Found a white marble altar of Elyvilon.
  1030 | D:2      | Noticed Sigmund
  1036 | D:2      | Killed Sigmund
  1036 | D:2      | Reached skill level 4 in Crossbows
  1036 | D:2      | Reached XP level 4. HP: 36/37 MP: 4/4
  1036 | D:2      | Reached XP level 5. HP: 41/42 MP: 5/5
  1036 | D:2      | Reached XP level 6. HP: 47/48 MP: 6/6
  1458 | D:3      | Noticed an ogre
  1466 | D:3      | Killed an ogre
  1466 | D:3      | Reached skill level 5 in Crossbows
  1841 | D:3      | Reached XP level 7. HP: 54/54 MP: 7/7
  1982 | D:3      | HP: 1/54 [gnoll/spear (5)]
  1983 | D:3      | Slain by a gnoll

Skill      XL: |  1  2  3  4  5  6 |
---------------+-------------------+-----
Crossbows      | 4 5 |  5.4
Fighting       | 4 |  4.2
Axes           | |  1.6
Throwing       | |  1.1
Armour         | |  3.8
Dodging        | |  0.4
Stealth        | |  0.2
Evocations     | |  1.0

Action                   |  1- 3 |  4- 6 |  7- 9 || total
-------------------------+-------+-------+-------++-------
Melee: Hand axe          |       |    45 |    28 ||    73
 Fire: Hand crossbow     |    67 |    60 |    14 ||   141
Throw: Stone             |       |    18 |       ||    18
  Use: Scroll            |       |     2 |       ||     2
       Potion            |       |       |     1 ||     1
  Eat: Chunk             |       |     3 |       ||     3
Armor: Ring mail         |    11 |    53 |    23 ||    87
Dodge: Dodged            |    21 |    51 |    32 ||   104
